 Dungeon Crawl Stone Soup version 0.30.1-8-g117510f58f (webtiles) character file.

Game seed: 10553524045371968387

44 TheriaGryphon the Covered (level 3, -4/23 HPs)
             Began as a Tengu Fighter on Sept 24, 2023.
             Slain by a gnoll
             ... wielding a +0 whip
              (6 damage)
             ... on level 2 of the Dungeon.
             The game lasted 00:03:57 (828 turns).

TheriaGryphon the Covered (Tengu Fighter)            Turns: 828, Time: 00:03:58

Health: -4/23      AC:  7    Str: 18    XL:     3   Next: 60%
Magic:  4/4        EV:  9    Int:  8    God:
Gold:   25         SH:  4    Dex: 13    Spells: 2/2 levels left

rFire   . . .        a - +0 long sword
rCold   . . .        c - +0 buckler
rNeg    . . .        b - +0 scale mail
rPois   .            (helmet restricted)
rElec   .            (no cloak)
rCorr   .            (no gloves)
SInv    .            (boots unavailable)
Will    .....        (no amulet) Stlth
                     (no ring)
HPRegen 0.23/turn    (no ring)
MPRegen 0.09/turn

%: no passive effects
@: no status effects
A: beak, talons 3
a: no special abilities


You were on level 2 of the Dungeon.
You visited 1 branch of the dungeon, and saw 2 of its levels.

You collected 25 gold pieces.

Inventory:

Hand Weapons
 a - a +0 long sword (weapon)
Armour
 b - a +0 scale mail (worn)
 c - a +0 buckler (worn)
Scrolls
 e - a scroll of poison {unknown}
 h - a scroll of torment {unknown}
Potions
 d - a potion of might
 f - a potion of berserk rage {unknown}
 g - 2 potions of mutation {unknown}
 i - a potion of curing {unknown}
 j - a potion of heal wounds {unknown}


   Skills:
 + Level 3.3 Fighting
 + Level 2.8 Long Blades
 + Level 3.7 Armour
 + Level 0.1 Dodging
 + Level 1.0 Stealth
 + Level 3.3 Shields


You had 2 spell levels left.
You didn't know any spells.
Your spell library was empty.

Dungeon Overview and Level Annotations

Branches:
Dungeon (2/15)

Altars:


Innate Abilities, Weirdness & Mutations

You have a beak for a mouth.
You have claws for feet.


Message History

The gnoll is severely wounded.
The gnoll hits you but does no damage. x2
A worm comes into view.
You barely miss the gnoll. You claw the gnoll. Your peck misses the gnoll.
The gnoll is almost dead.
The gnoll hits you but does no damage.
You barely miss the gnoll. You claw the gnoll, but do no damage.
You block the gnoll's attack. The gnoll hits you but does no damage.
The gnoll closely misses you. The gnoll hits you but does no damage.
The gnoll hits you with a +0 club.
You hit the gnoll but do no damage. Your peck misses the gnoll.
You block the gnoll's attack. x2; The gnoll hits you with a +0 whip.
You barely miss the gnoll. Your kick misses the gnoll.
You peck the gnoll, but do no damage.
The gnoll is almost dead.
The gnoll hits you from afar with a +0 spear.
The gnoll hits you with a +0 club. The gnoll hits you but does no damage.
You hit the gnoll but do no damage.
The gnoll is almost dead.
The gnoll hits you but does no damage. You block the gnoll's attack.
The gnoll barely misses you. You block the gnoll's attack.
You slash the gnoll! Your peck misses the gnoll.
The gnoll is heavily wounded.
The gnoll hits you but does no damage. x2
You hit the gnoll but do no damage. You claw the gnoll.
You kill the gnoll!
The gnoll hits you but does no damage. The gnoll barely misses you.
The gnoll hits you with a +0 club.
* * * LOW HITPOINT WARNING * * *
The gnoll hits you but does no damage.
Things that are here:
a +0 whip; a gnoll corpse The gnoll hits you but does no damage.
The gnoll attacks as you move away! The gnoll hits you with a +0 club.
* * * LOW HITPOINT WARNING * * *
You hit the gnoll.
You kill the gnoll!
Your Stealth skill increases to level 1!
The gnoll attacks as you move away! The gnoll hits you with a +0 whip.
You die...

###
###############.#
#.@.............#
#g#############.#
#)# #......#.#
#w# #.#......#
#.#### #
#.##.##### #..).#
#.##.....) ####w#
#.##..#### #...
#.##..#
.....>#.#...####


You could see a worm and a gnoll.

Vanquished Creatures
  2 gnolls (D:2)
  A worm (D:2)
  2 ball pythons (D:1)
  A bat (D:1)
  An endoplasm (D:1)
  A goblin (D:1)
  5 hobgoblins (D:1)
  4 kobolds
  A quokka (D:1)
  A frilled lizard (D:1)
  2 rats (D:1)
21 creatures vanquished.

Notes
Turn   | Place    | Note
-------+----------+-------------------------------------------
     0 | D:1      | TheriaGryphon the Tengu Fighter began the quest for the
                  | Orb.
     0 | D:1      | Reached XP level 1. HP: 14/14 MP: 2/2
   160 | D:1      | Reached XP level 2. HP: 19/19 MP: 3/3
   728 | D:2      | Reached XP level 3. HP: 23/23 MP: 4/4
   824 | D:2      | HP: 1/23 [gnoll/+0 club (4)]
   826 | D:2      | Reached skill level 1 in Stealth
   828 | D:2      | Slain by a gnoll

Illustrated notes

Levels and vault maps discovered:
D:1:      tarquinn_simple_flora_water_a, layout_basic
D:2:      layout_basic, serial_shops, shop, nicolae_shop_mannequins, shop,
          nicolae_shop_waterfront, shop, uniq_natasha

Skill      XL: |  1  2  3 |
---------------+----------+-----
Stealth        | 1 |  1.0
Fighting       | |  3.3
Long Blades    | |  2.8
Armour         | |  3.7
Dodging        | |  0.1
Shields        | |  3.3

Action                     || total
---------------------------++-------
  Melee: Long sword        ||    67
         Kick              ||    13
         Peck              ||     8
 Armour: Scale mail        ||    42
  Dodge: Dodged            ||    14
  Block: Buckler           ||    19
